[Event "Titled Tuesday Blitz November 01 Late 2022"]
[White "Mesa Cruz, Juan Carlos"]
[Black "Winterberg, Lukas"]
[WhiteFideId "6423400"]
[BlackFideId "24622702"]
[WhiteElo "2059"]
[BlackElo "2349"]
[Result "0-1"]
[Round "04"]
[TimeControl "180+1"]
[Date "2022.11.02"]
[WhiteClock "0:00:23"]
[BlackClock "0:00:45"]

1. e4 c5 2. Nf3 Nc6 3. d4 cxd4 4. Nxd4 Nf6 5. Nc3 e5 6. Ndb5 d6 7. Bg5 a6 8. Na3 Be7 9. Bxf6 gxf6 10. Nc4 f5 11. Nd5 O-O 12. Ncb6 Rb8 13. Nxc8 Qxc8 14. Bd3 fxe4 15. Bxe4 f5 16. Nxe7+ Nxe7 17. Qxd6 Ng6 18. Bd5+ Kh8 19. O-O-O Qe8 20. g3 Rd8 21. Qb4 b5 22. h4 Qe7 23. Qxe7 Nxe7 24. Bb7 a5 25. Rxd8 Rxd8 26. Rd1 Rb8 27. Rd7 Ng6 28. Rc7 e4 29. Rc8+ Rxc8 30. Bxc8 f4 31. Kd2 e3+ 32. fxe3 fxg3 33. Bb7 Nxh4 34. b3 g2 35. Bxg2 Nxg2 36. c4 bxc4 37. bxc4 Kg7 38. Ke2 Kf6 39. Kf3 Ne1+ 40. Ke4 Ke6 41. c5 h5 42. Kf4 Kd5 43. e4+ Kxc5 44. e5 Nd3+ 45. Kg5 Nxe5 46. Kxh5 Kb4 47. Kg5 Ka3 48. Kf4 Kxa2 49. Ke3 Kb2 50. Kd4 a4 51. Kxe5 a3 52. Kd4 a2 0-1


[Site "https://www.chess.com"]

[Event "Titled Tuesday Blitz November 01 Late 2022"]
[White "Mikhailuk, Slava"]
[Black "Arbunic Castro, Giovanna"]
[WhiteFideId "2012910"]
[BlackFideId "3400549"]
[WhiteElo "2353"]
[BlackElo "1856"]
[Result "1-0"]
[Round "04"]
[TimeControl "180+1"]
[Date "2022.11.02"]
[WhiteClock "0:01:56"]
[BlackClock "0:00:24"]

1. c4 Nf6 2. Nc3 g6 3. g3 Bg7 4. Bg2 O-O 5. Nf3 c5 6. O-O Nc6 7. d3 d6 8. Bd2 a6 9. a3 Rb8 10. Rb1 b5 11. cxb5 axb5 12. b4 cxb4 13. axb4 Bd7 14. d4 e5 15. d5 Nd4 16. Nxd4 exd4 17. Na2 Qc7 18. Nc1 Rfc8 19. Nb3 Qb6 20. Na5 Bf5 21. Rc1 Be4 22. Bxe4 Nxe4 23. Nc6 Rb7 24. Ne7+ Rxe7 25. Rxc8+ 1-0


[Site "https://www.chess.com"]

[Event "Titled Tuesday Blitz November 01 Late 2022"]
[White "Milikow, Yoav"]
[Black "Khripachenko, Alexander"]
[WhiteFideId "2822237"]
[BlackFideId "54184975"]
[WhiteElo "2341"]
[BlackElo "2201"]
[Result "1-0"]
[Round "04"]
[TimeControl "180+1"]
[Date "2022.11.01"]
[WhiteClock "0:00:09"]
[BlackClock "0:00:01"]

1. d4 d5 2. c4 e6 3. Nc3 Be7 4. cxd5 exd5 5. Bf4 c6 6. e3 Bf5 7. Nge2 Nd7 8. Ng3 Be6 9. h4 Ngf6 10. h5 Qb6 11. Rb1 h6 12. Bd3 O-O 13. Nf5 Bxf5 14. Bxf5 Rfe8 15. Kf1 Nf8 16. Bd3 c5 17. dxc5 Qxc5 18. Rc1 Qa5 19. Qa4 Qb6 20. Qb5 Qe6 21. Qxb7 Bd6 22. Bxd6 Qxd6 23. Nb5 Qb4 24. Qa6 Rab8 25. Rc2 Rb6 26. Qxa7 Rxb5 27. Bxb5 Qxb5+ 28. Kg1 Qd3 29. Rc1 Qd2 30. Qc5 Qxb2 31. Qc2 Qa3 32. Rh4 Ra8 33. Ra1 Ne6 34. Qb1 Ne4 35. Qc2 Ra4 36. Rd1 N6c5 37. Rxd5 Rb4 38. Kh2 Rb2 39. Qc4 Qa8 40. Rxe4 Nxe4 41. Qxe4 Rxf2 42. Qd3 Qxa2 43. Rd8# 1-0


[Site "https://www.chess.com"]

[Event "Titled Tuesday Blitz November 01 Late 2022"]
[White "Milosevic, Milos"]
[Black "Thomforde-Toates, Noah"]
[WhiteFideId "964875"]
[BlackFideId "30951992"]
[WhiteElo "2321"]
[BlackElo "2612"]
[Result "0-1"]
[Round "04"]
[TimeControl "180+1"]
[Date "2022.11.02"]
[WhiteClock "0:01:53"]
[BlackClock "0:01:48"]

1. e4 c5 2. Nf3 g6 3. d4 cxd4 4. Nxd4 Bg7 5. Nc3 Nc6 6. Be3 Nf6 7. Bc4 O-O 8. Bb3 a5 9. O-O d6 10. f3 Bd7 11. Qe2 Nxe4 12. Nxc6 Nxc3 13. Nxe7+ Qxe7 14. bxc3 Rfe8 15. Rae1 Bxc3 16. Qc4 Bxe1 17. Rxe1 a4 0-1


[Site "https://www.chess.com"]

[Event "Titled Tuesday Blitz November 01 Late 2022"]
[White "Miszler, Levente"]
[Black "Jones, Gawain C B"]
[WhiteFideId "763276"]
[BlackFideId "409561"]
[WhiteElo "2176"]
[BlackElo "2657"]
[Result "0-1"]
[Round "04"]
[TimeControl "180+1"]
[Date "2022.11.01"]
[WhiteClock "0:00:36"]
[BlackClock "0:00:12"]

1. Nf3 Nf6 2. c4 c5 3. g3 g6 4. Bg2 Bg7 5. O-O O-O 6. Nc3 Nc6 7. d3 d6 8. a3 a6 9. Rb1 Rb8 10. b4 cxb4 11. axb4 b5 12. cxb5 axb5 13. Bd2 Bd7 14. Qc1 Rc8 15. Bh6 Bg4 16. Bxg7 Kxg7 17. Qb2 Kg8 18. Rfc1 Qb6 19. h3 Bf5 20. e4 Bd7 21. d4 Nxd4 22. Nd5 Nxf3+ 23. Bxf3 Nxd5 24. exd5 Bxh3 25. Re1 Rc7 26. Re2 Rfc8 27. Rbe1 Qa7 28. Qd2 Qa3 29. Re3 Qa7 30. R3e2 Bf5 31. Qg5 Qd4 32. Rxe7 Rxe7 33. Qxe7 Rc3 34. Re2 Rxf3 35. Kg2 Qxd5 36. Qd8+ Kg7 37. Re8 Re3+ 38. Kh2 Rxe8 0-1


[Site "https://www.chess.com"]

[Event "Titled Tuesday Blitz November 01 Late 2022"]
[White "Mladenovic, Stefan"]
[Black "Daeschler, Florian"]
[WhiteFideId "942227"]
[BlackFideId "20678193"]
[WhiteElo "2337"]
[BlackElo "2187"]
[Result "1-0"]
[Round "04"]
[TimeControl "180+1"]
[Date "2022.11.02"]
[WhiteClock "0:00:06"]
[BlackClock "0:00:18"]

1. d4 f5 2. Nc3 d5 3. Bg5 c6 4. e3 Nd7 5. Bd3 Ndf6 6. h3 Qa5 7. Qf3 e6 8. Ne2 Ne4 9. Bf4 Bb4 10. Bxe4 dxe4 11. Qg3 Kf7 12. Be5 Nf6 13. O-O Be7 14. f3 exf3 15. Qxf3 Rf8 16. e4 g6 17. exf5 exf5 18. Nf4 Bd7 19. Rae1 Rae8 20. d5 cxd5 21. Nfxd5 Bc6 22. Bxf6 Bxf6 23. Rxe8 Rxe8 24. b4 Qd8 25. b5 Bxc3 26. bxc6 Bd4+ 27. Kh1 bxc6 28. Nf4 Qd6 29. Rd1 Qf6 30. c3 Be5 31. Rd7+ Re7 32. Rxe7+ Kxe7 33. Nd3 Bxc3 34. Qe3+ Kf8 35. Qxa7 Qe7 36. Qa8+ Kg7 37. Qxc6 Bf6 38. a4 Qa3 39. Qb5 Be7 40. Qe5+ Bf6 41. Qc7+ Kg8 42. Qc4+ Kg7 43. Qc7+ Kg8 44. Qd7 Be7 45. Qe6+ Kf8 46. Ne5 Ke8 47. Qf7+ Kd8 48. Qd5+ Ke8 49. Qf7+ Kd8 50. Nc6+ Kc7 51. Qxe7+ Kxc6 52. Qxa3 Kb6 53. Qb4+ 1-0


[Site "https://www.chess.com"]

[Event "Titled Tuesday Blitz November 01 Late 2022"]
[White "Muradli, Mahammad"]
[Black "Ambartsumova, Karina"]
[WhiteFideId "13409301"]
[BlackFideId "4166299"]
[WhiteElo "2902"]
[BlackElo "2607"]
[Result "1-0"]
[Round "04"]
[TimeControl "180+1"]
[Date "2022.11.02"]
[WhiteClock "0:00:44"]
[BlackClock "0:00:05"]

1. Nf3 Nf6 2. g3 g6 3. b3 Bg7 4. Bb2 O-O 5. Bg2 d6 6. d4 c5 7. d5 e6 8. dxe6 fxe6 9. c4 Nc6 10. O-O Qe7 11. Nc3 a6 12. Qc2 Bd7 13. Rad1 Rad8 14. Rd2 e5 15. e3 Bf5 16. Qc1 Nb4 17. Rfd1 Ne4 18. Nxe4 Bxe4 19. Nh4 Bxg2 20. Nxg2 Nxa2 21. Qb1 Nb4 22. Qe4 b6 23. Bc3 a5 24. Bxb4 axb4 25. Nf4 Qf7 26. Nd5 Rb8 27. Qd3 Kh8 28. e4 Bh6 29. Ra2 Ra8 30. Rxa8 Qxf2+ 31. Kh1 Rxa8 32. Rf1 Qd4 33. Qe2 Ra1 34. Rxa1 Qxa1+ 35. Kg2 Qb1 36. Qf3 Bg7 37. Ne7 Qc2+ 38. Kh3 Qd2 39. Nc8 Qh6+ 40. Kg2 Qd2+ 41. Qf2 Qd1 42. h4 Qxb3 43. Qf7 Qc2+ 44. Kh3 h6 45. Ne7 Qxe4 46. Qg8# 1-0


[Site "https://www.chess.com"]

[Event "Titled Tuesday Blitz November 01 Late 2022"]
[White "Novik, Maxim"]
[Black "Seo, Jung Min"]
[WhiteFideId "4102924"]
[BlackFideId "1734687"]
[WhiteElo "2530"]
[BlackElo "2755"]
[Result "0-1"]
[Round "04"]
[TimeControl "180+1"]
[Date "2022.11.02"]
[WhiteClock "0:00:48"]
[BlackClock "0:00:09"]

1. e4 c5 2. Nf3 d6 3. d4 cxd4 4. Nxd4 Nf6 5. Nc3 Nc6 6. Be3 Ng4 7. Bb5 Nxe3 8. fxe3 Bd7 9. O-O e6 10. Bxc6 bxc6 11. e5 d5 12. Qf3 Qe7 13. b4 g6 14. b5 c5 15. e4 Bg7 16. exd5 O-O 17. Nc6 Bxc6 18. dxc6 Bxe5 19. Rae1 Bd4+ 20. Kh1 Qc7 21. Ne4 Qa5 22. c3 Bg7 23. Nxc5 Qxb5 24. Nd7 Rfe8 25. Qxf7+ Kh8 26. c7 Rac8 27. Rf3 Qc6 28. Nf6 Rf8 29. Rh3 h5 30. Qxg6 Rxf6 31. Qxh5+ Rh6 32. Qg4 Qxc7 33. Rxh6+ Bxh6 34. Rxe6 Bg7 35. Re3 Rf8 36. h4 Rf1# 0-1


[Site "https://www.chess.com"]

[Event "Titled Tuesday Blitz November 01 Late 2022"]
[White "O`Gorman, Tom"]
[Black "Muhammad, Shahzeb"]
[WhiteFideId "2508249"]
[BlackFideId "7804806"]
[WhiteElo "2271"]
[BlackElo "2410"]
[Result "1-0"]
[Round "04"]
[TimeControl "180+1"]
[Date "2022.11.02"]
[WhiteClock "0:00:31"]
[BlackClock "0:00:02"]

1. e4 d5 2. exd5 Nf6 3. d4 Nxd5 4. c4 Nb6 5. Nf3 g6 6. Be2 Bg7 7. h3 O-O 8. O-O Nc6 9. Be3 e5 10. d5 Ne7 11. a4 a5 12. Nc3 Nf5 13. Bg5 Qe8 14. c5 e4 15. cxb6 exf3 16. Bxf3 cxb6 17. Ne4 f6 18. Bd2 Bd7 19. Re1 Qf7 20. Bc3 Rfe8 21. Qd3 Qf8 22. b3 Nd6 23. Nd2 Bf5 24. Qd4 b5 25. Bb2 bxa4 26. bxa4 Rxe1+ 27. Rxe1 Re8 28. Rc1 Qe7 29. Ba3 Qd8 30. Qc5 Bf8 31. Qc7 Qxc7 32. Rxc7 Nb5 33. axb5 Bxa3 34. Nc4 Bb4 35. d6 Re1+ 36. Kh2 Rc1 37. d7 Bxd7 38. Rxd7 Rc3 39. Bd5+ Kf8 40. Rxb7 a4 41. b6 a3 42. Rf7+ Ke8 43. Ra7 Bc5 44. Ra8+ Ke7 45. b7 Bd6+ 46. Nxd6 Kxd6 1-0


[Site "https://www.chess.com"]

[Event "Titled Tuesday Blitz November 01 Late 2022"]
[White "Olenik Campa, Rudi"]
[Black "Goltseva, Ekaterina"]
[WhiteFideId "14633264"]
[BlackFideId "24173770"]
[WhiteElo "2051"]
[BlackElo "2200"]
[Result "1/2-1/2"]
[Round "04"]
[TimeControl "180+1"]
[Date "2022.11.02"]
[WhiteClock "0:00:15"]
[BlackClock "0:00:03"]

1. e4 e5 2. Nf3 Nf6 3. Nxe5 Nxe4 4. Nf3 d5 5. d4 Be7 6. Bd3 O-O 7. O-O Bg4 8. h3 Bh5 9. c4 c6 10. Nc3 Nxc3 11. bxc3 dxc4 12. Bxc4 Nd7 13. Be2 Nb6 14. Ne5 Bxe2 15. Qxe2 Bf6 16. Ng4 Re8 17. Qf3 Bg5 18. Ne5 Rf8 19. Qg3 Bxc1 20. Raxc1 Qd5 21. Ng4 Qxa2 22. Nf6+ Kh8 23. Qh4 h6 24. Ng4 Qe6 25. Rfe1 Qg6 26. Ne5 Qg5 27. Qe4 f5 28. Qd3 Qf6 29. c4 Rad8 30. c5 Nd7 31. Nf3 Qf7 32. Qa3 a6 33. Rb1 Rb8 34. Rb4 Kh7 35. Reb1 Nf6 36. Ne5 Qc7 37. Qd3 g6 38. Qb3 Rfc8 39. Rxb7 Rxb7 40. Qxb7 a5 41. Qxc7+ Rxc7 42. Ra1 Nd7 43. Nc4 Nf8 44. Rxa5 Ne6 45. Ne5 Nxd4 46. Ra6 Kg7 47. g3 g5 48. Kg2 Kf6 49. f4 Ke6 50. Ra8 Kd5 51. Rh8 Kxc5 52. Rxh6 gxf4 53. gxf4 Kd5 54. h4 Rg7+ 55. Kf2 c5 56. Rh8 Ne6 57. Rc8 Nxf4 58. Nf3 Ne6 59. h5 Rh7 60. Ke3 Rxh5 61. Ra8 f4+ 62. Kf2 Rh7 63. Ra1 c4 64. Rd1+ Kc5 65. Ne5 Rc7 66. Kf3 Kb4 67. Rb1+ Ka3 68. Rc1 c3 69. Ke4 Kb2 70. Nd3+ Kb3 71. Kd5 Ng5 72. Kd4 f3 73. Nc5+ Kb4 74. Nd3+ Kb3 75. Nc5+ Kb2 76. Nd3+ Kb3 1/2-1/2


[Site "https://www.chess.com"]

[Event "Titled Tuesday Blitz November 01 Late 2022"]
[White "Ozdemir, Serhan Berat"]
[Black "Djordjevic, Vuk"]
[WhiteFideId "6374611"]
[BlackFideId "902098"]
[WhiteElo "2558"]
[BlackElo "2798"]
[Result "0-1"]
[Round "04"]
[TimeControl "180+1"]
[Date "2022.11.02"]
[WhiteClock "0:00:02"]
[BlackClock "0:00:10"]

1. e4 d5 2. exd5 Qxd5 3. Nc3 Qd6 4. d4 Nf6 5. g3 c6 6. Bg2 Bg4 7. Nge2 e6 8. h3 Bh5 9. O-O Be7 10. Bf4 Qd8 11. g4 Bg6 12. Ng3 Na6 13. Re1 Nb4 14. Rc1 Nfd5 15. Bd2 Bg5 16. Nce4 Bxd2 17. Qxd2 a5 18. a3 Na6 19. c4 Ne7 20. h4 Bxe4 21. Nxe4 h5 22. Qg5 Ng6 23. gxh5 Qxg5 24. hxg5 Rxh5 25. Bf3 Rh3 26. Bg2 Rh5 27. Bf3 Rh3 28. Bg2 Rb3 29. Rc2 Rd8 30. Re3 a4 31. Rd2 Nf4 32. Bf1 Ke7 33. c5 Nc7 34. Rxb3 axb3 35. Nd6 b6 36. Bc4 bxc5 37. dxc5 Rb8 38. Kh2 Ncd5 39. Kg3 Rh8 40. Bxd5 Nxd5 41. Rd3 Rh5 42. Rxb3 Rxg5+ 43. Kf3 Rh5 44. Rb7+ Kf6 45. Rxf7+ Ke5 46. Nc4+ Kd4 47. Nd6 Kxc5 48. Ne4+ Kd4 49. Nd6 Ke5 50. Nc4+ Kd4 51. Nd6 g6 52. Rf8 Rh3+ 53. Kg2 Rb3 54. Rc8 c5 55. Nf7 Rxb2 56. Ng5 Nf4+ 57. Kf3 Nd3 58. Nxe6+ Kd5 59. Nf4+ Nxf4 60. Kxf4 Rxf2+ 61. Ke3 Ra2 62. Rd8+ Kc4 63. Ra8 Ra1 64. Ra5 g5 65. Kf3 Kd4 66. Kg4 Rg1+ 67. Kf3 c4 68. Ra7 c3 69. Rd7+ Kc4 70. Rc7+ Kb3 71. Rb7+ Kxa3 72. Ra7+ Kb2 73. Kf2 Rg4 74. Kf3 Rf4+ 75. Ke3 Kc2 76. Rb7 Rf5 77. Re7 g4 78. Ke4 Rg5 79. Kf4 Rg8 80. Kg3 Rd8 81. Rc7 Kd2 82. Rf7 c2 83. Rf2+ Kc3 84. Rf7 Rd3+ 85. Kxg4 c1=Q 86. Rc7+ Kd2 87. Rxc1 Kxc1 0-1


[Site "https://www.chess.com"]

[Event "Titled Tuesday Blitz November 01 Late 2022"]
[White "Ozer, Omer Faruk"]
[Black "Ibarra Jerez, Jose Carlos"]
[WhiteFideId "6354564"]
[BlackFideId "2226332"]
[WhiteElo "2612"]
[BlackElo "2915"]
[Result "1-0"]
[Round "04"]
[TimeControl "180+1"]
[Date "2022.11.02"]
[WhiteClock "0:00:05"]
[BlackClock "0:00:04"]

1. e4 c5 2. Nf3 e6 3. d3 Nc6 4. Nbd2 g6 5. g3 Bg7 6. Bg2 Nge7 7. O-O O-O 8. Re1 e5 9. c3 d6 10. a3 h6 11. b4 a6 12. Bb2 f5 13. d4 exd4 14. cxd4 fxe4 15. Nxe4 c4 16. Qd2 d5 17. Nc5 Qd6 18. Ne5 b6 19. Na4 Rb8 20. Nc3 Bb7 21. b5 Na5 22. bxa6 Bxa6 23. Rad1 Nb3 24. Qe2 Rbe8 25. f4 Kh7 26. Qf3 Bb7 27. Nxc4 dxc4 28. Qxb7 Bxd4+ 29. Kh1 Nc5 30. Qf3 Nf5 31. Rxe8 Rxe8 32. Nb5 Qd7 33. Nxd4 Nd3 34. Nxf5 Nf2+ 35. Qxf2 Qxd1+ 36. Bf1 gxf5 37. Kg1 Re1 38. Bc3 Re6 39. a4 Kg6 40. a5 bxa5 41. Qa7 Qf3 42. Qg7+ Kh5 43. Qf7+ Kg4 44. Qxe6 Qxc3 45. Be2+ Kh3 46. Qxh6# 1-0


[Site "https://www.chess.com"]

[Event "Titled Tuesday Blitz November 01 Late 2022"]
[White "Pakleza, Zbigniew"]
[Black "Rangel, Daniel"]
[WhiteFideId "1119290"]
[BlackFideId "2124475"]
[WhiteElo "2411"]
[BlackElo "2225"]
[Result "1-0"]
[Round "04"]
[TimeControl "180+1"]
[Date "2022.11.02"]
[WhiteClock "0:00:04"]
[BlackClock "0:00:02"]

1. d4 Nf6 2. Nf3 e6 3. Bf4 c5 4. c3 b6 5. e3 Bb7 6. Nbd2 Be7 7. h3 O-O 8. Bd3 d5 9. O-O Nbd7 10. Qe2 Ne4 11. Rad1 Ndf6 12. Nb1 c4 13. Bc2 b5 14. a3 a5 15. Ne5 b4 16. f3 Nd6 17. Ba4 Nh5 18. Bh2 b3 19. Nd7 g6 20. Nxf8 Bxf8 21. Nd2 Nc8 22. g4 Ng7 23. Bb5 a4 24. Nxc4 dxc4 25. Bxc4 Nd6 26. Bd3 Be7 27. c4 Nde8 28. c5 Bc6 29. Bc4 Nc7 30. e4 Rc8 31. Rd2 Qf8 32. Rfd1 Nge8 33. Kg2 Nf6 34. Be5 Nd7 35. Bg3 Ba8 36. Bd3 e5 37. d5 Nxc5 38. Bxe5 Nxd3 39. Qxd3 Bd6 40. Bxd6 Qxd6 41. Qd4 Ne8 42. Qxa4 Rc2 43. Qxb3 Rxd2+ 44. Rxd2 h5 45. Qb4 Qc7 46. gxh5 gxh5 47. d6 Qd7 48. Qc5 Bc6 49. Qg5+ Ng7 50. b4 1-0


[Site "https://www.chess.com"]

[Event "Titled Tuesday Blitz November 01 Late 2022"]
[White "Pap, Gyula"]
[Black "Faizrakhmanov, Ramil"]
[WhiteFideId "725323"]
[BlackFideId "24103209"]
[WhiteElo "2519"]
[BlackElo "2421"]
[Result "1-0"]
[Round "04"]
[TimeControl "180+1"]
[Date "2022.11.01"]
[WhiteClock "0:01:30"]
[BlackClock "0:00:51"]

1. d4 Nf6 2. c4 e6 3. Nc3 Bb4 4. Qb3 c5 5. dxc5 Nc6 6. a3 Bxc5 7. Nf3 O-O 8. Bg5 h6 9. Bh4 b6 10. e3 Bb7 11. Be2 Be7 12. O-O Rc8 13. Qa2 a6 14. Rfd1 Qc7 15. Rac1 d6 16. Nd5 Qd8 17. Nxf6+ Bxf6 18. Bxf6 gxf6 19. Nd4 Qc7 20. Nb5 axb5 21. cxb5 Qd7 22. bxc6 Rxc6 23. Qb3 Qc7 24. Rxc6 Bxc6 25. Qc3 Qb7 26. Qxf6 Bf3 27. Bxf3 1-0


[Site "https://www.chess.com"]

[Event "Titled Tuesday Blitz November 01 Late 2022"]
[White "Papasimakopoulos, Alexandros"]
[Black "Bambino Filho, Antonio Carlos"]
[WhiteFideId "4244125"]
[BlackFideId "2113163"]
[WhiteElo "2357"]
[BlackElo "2435"]
[Result "1/2-1/2"]
[Round "04"]
[TimeControl "180+1"]
[Date "2022.11.02"]
[WhiteClock "0:00:27"]
[BlackClock "0:00:54"]

1. d4 Nf6 2. c4 c5 3. d5 e6 4. Nc3 exd5 5. cxd5 d6 6. Nf3 g6 7. Bf4 Bg7 8. Qa4+ Bd7 9. Qb3 Qc7 10. e4 O-O 11. Be2 Re8 12. Nd2 b5 13. Bxb5 Bxb5 14. Qxb5 Nbd7 15. Qc6 Qxc6 16. dxc6 Ne5 17. Bxe5 Rxe5 18. O-O-O Rc8 19. Nc4 Re6 20. Rxd6 Rxc6 21. Rxc6 Rxc6 22. Rd1 h5 23. Rd8+ Kh7 24. Ne5 Rc7 25. f4 Re7 26. Rc8 g5 27. fxg5 Nxe4 28. Nxe4 Rxe5 29. Nf6+ Kg6 30. h4 Bxf6 31. gxf6 Kxf6 32. Rc6+ Kf5 33. Rc7 f6 34. Rxa7 Kg4 35. a4 Kxh4 36. a5 c4 37. Kc2 Kg3 38. Rg7+ Kf2 39. a6 Ra5 40. a7 f5 41. Kc3 Ra4 42. Kd4 h4 43. Kc5 f4 44. Kb5 Ra2 45. Kxc4 f3 46. gxf3 h3 47. Rh7 Kg2 48. b4 h2 49. b5 Rxa7 50. Rxa7 h1=Q 51. Ra3 Qc1+ 52. Kb4 Qb2+ 53. Ka4 Kg3 54. Rb3 Qa2+ 55. Kb4 Qa7 56. Kc4 Qf7+ 57. Kb4 Qe7+ 58. Kc4 Qe6+ 59. Kb4 Qe7+ 60. Ka4 Qa7+ 61. Kb4 Qe7+ 1/2-1/2


[Site "https://www.chess.com"]

[Event "Titled Tuesday Blitz November 01 Late 2022"]
[White "Parkhov, Yair"]
[Black "Wessendorf, Thomas, Dr."]
[WhiteFideId "2813408"]
[BlackFideId "4604270"]
[WhiteElo "2384"]
[BlackElo "2280"]
[Result "1-0"]
[Round "04"]
[TimeControl "180+1"]
[Date "2022.11.02"]
[WhiteClock "0:00:17"]
[BlackClock "0:00:01"]

1. Nf3 Nf6 2. d4 e6 3. Bf4 c5 4. e3 Be7 5. Nbd2 O-O 6. Bd3 b6 7. c3 Ba6 8. Bxa6 Nxa6 9. O-O d6 10. Qe2 Nc7 11. e4 Qd7 12. a4 Rfe8 13. Rfe1 Rac8 14. e5 Nfd5 15. Bg3 cxd4 16. Nxd4 dxe5 17. Bxe5 Bf6 18. N2f3 Red8 19. a5 Ne8 20. axb6 axb6 21. Rad1 Bxe5 22. Nxe5 Qb7 23. Qf3 Nd6 24. Rd3 Nf6 25. Red1 Qxf3 26. Ndxf3 Nb7 27. Ng5 Rxd3 28. Rxd3 Nc5 29. Rd1 Na4 30. Rd2 h6 31. Ngxf7 Ne4 32. Re2 Nec5 33. g3 Nd3 34. Nxh6+ gxh6 35. Nxd3 Kf7 36. Kg2 Rd8 37. Nf4 e5 38. Rxe5 Nxb2 39. Rh5 Rd6 40. Rf5+ Kg7 41. h4 Nc4 42. h5 Rd2 43. Kf3 Rc2 44. Ne6+ Kh7 45. Rf7+ Kg8 46. Rf8+ Kh7 47. g4 Rxc3+ 48. Ke4 Nd6+ 49. Ke5 Nb5 50. f4 Rc6 51. f5 Nc3 52. Kf6 Ne4+ 53. Kf7 Nd6+ 54. Ke7 1-0


[Site "https://www.chess.com"]

[Event "Titled Tuesday Blitz November 01 Late 2022"]
[White "Petrovic, Aleksa"]
[Black "chess50years"]
[WhiteFideId "967629"]
[WhiteElo "2242"]
[BlackElo "2036"]
[Result "1-0"]
[Round "04"]
[TimeControl "180+1"]
[Date "2022.11.02"]
[WhiteClock "0:01:31"]
[BlackClock "0:00:17"]

1. e4 c6 2. f3 d5 3. d4 e6 4. Nc3 Nf6 5. e5 Nfd7 6. f4 a6 7. Nf3 c5 8. Be3 Nc6 9. dxc5 Nxc5 10. Qd2 Bd7 11. O-O-O Rc8 12. Kb1 b5 13. h4 b4 14. Ne2 Ne4 15. Qe1 a5 16. Ned4 Nxd4 17. Nxd4 Bc5 18. h5 h6 19. Bd3 Bxd4 20. Bxd4 Nc5 21. f5 Nxd3 22. Rxd3 exf5 23. e6 Bxe6 24. Bxg7 Rg8 25. Bxh6 Rxg2 26. Bd2 Qc7 27. Qd1 f4 28. h6 Bf5 29. h7 Bxh7 30. Rxh7 f3 31. Rh8+ Kd7 32. Rxd5+ 1-0


[Site "https://www.chess.com"]

[Event "Titled Tuesday Blitz November 01 Late 2022"]
[White "Piesik, Piotr"]
[Black "Hnydiuk, Aleksander"]
[WhiteFideId "1136194"]
[BlackFideId "1109057"]
[WhiteElo "2756"]
[BlackElo "2533"]
[Result "1-0"]
[Round "04"]
[TimeControl "180+1"]
[Date "2022.11.02"]
[WhiteClock "0:01:09"]
[BlackClock "0:00:24"]

1. Nf3 Nf6 2. g3 c5 3. Bg2 g6 4. O-O Bg7 5. c3 O-O 6. d4 b6 7. Ne5 d5 8. a4 Bb7 9. a5 b5 10. dxc5 Qc7 11. Nd3 Ne4 12. Be3 Na6 13. Qb3 Rab8 14. Qa3 e5 15. b4 f5 16. Qb3 Kh8 17. f4 d4 18. Bc1 Nxc3 19. Nxc3 Bxg2 20. Kxg2 dxc3 21. Nxe5 Bxe5 22. fxe5 Qxe5 23. Ra2 Nxb4 24. Qxb4 Qd5+ 25. Rf3 Qxa2 26. Qxc3+ Kg8 27. Bb2 Rb7 28. Qh8+ Kf7 29. Qg7+ Ke6 30. Re3+ 1-0


[Site "https://www.chess.com"]

[Event "Titled Tuesday Blitz November 01 Late 2022"]
[White "Pinheiro, Iung Alicio de O."]
[Black "Castella Garcia, Fausto"]
[WhiteFideId "2104350"]
[BlackFideId "3501922"]
[WhiteElo "2283"]
[BlackElo "2246"]
[Result "1-0"]
[Round "04"]
[TimeControl "180+1"]
[Date "2022.11.02"]
[WhiteClock "0:00:20"]
[BlackClock "0:00:06"]

1. c4 c5 2. g3 g6 3. Bg2 Bg7 4. Nc3 Nf6 5. Nh3 O-O 6. Nf4 Nc6 7. a3 d6 8. O-O Bf5 9. d3 Qc8 10. Rb1 e5 11. Nfd5 Nxd5 12. Nxd5 Bh3 13. b4 Bxg2 14. Kxg2 Re8 15. Bg5 cxb4 16. axb4 Qf5 17. Qd2 f6 18. Be3 Qd7 19. f3 Ne7 20. Nxe7+ Rxe7 21. Ra1 a6 22. Bf2 d5 23. cxd5 Qxd5 24. Ra5 Qd7 25. b5 Re6 26. Rfa1 f5 27. R1a4 Qf7 28. Qa2 g5 29. bxa6 Rexa6 30. Rxa6 Rxa6 31. Rxa6 bxa6 32. Qxa6 h5 33. h3 Kh7 34. Qc8 Qg6 35. g4 fxg4 36. fxg4 e4 37. gxh5 Qxh5 38. Qf5+ Qg6 39. dxe4 Kh6 40. Be3 Bf6 41. Qxg6+ Kxg6 42. Kf3 Be5 43. Kg4 Bf6 44. e5 Bxe5 45. Bxg5 Bc7 46. h4 Be5 47. h5+ Kf7 48. Kf5 Bc7 49. e4 Bg3 50. e5 Bh2 51. e6+ 1-0


[Site "https://www.chess.com"]

[Event "Titled Tuesday Blitz November 01 Late 2022"]
[White "Plat, Vojtech"]
[Black "Omelja, Artem"]
[WhiteFideId "325740"]
[BlackFideId "14119846"]
[WhiteElo "2814"]
[BlackElo "2562"]
[Result "1-0"]
[Round "04"]
[TimeControl "180+1"]
[Date "2022.11.02"]
[WhiteClock "0:02:04"]
[BlackClock "0:00:57"]

1. e4 c5 2. Nf3 e6 3. d4 cxd4 4. Nxd4 a6 5. c4 Nf6 6. Nc3 Bb4 7. Bd3 O-O 8. O-O d6 9. Bg5 h6 10. Bh4 e5 11. Nde2 Be6 12. Rc1 Nbd7 13. Nd5 Bxd5 14. exd5 Qe7 15. a3 Bc5 16. b4 Ba7 17. Ng3 Rfc8 18. Nf5 Qf8 19. Qf3 Re8 20. Rfe1 e4 21. Bxe4 Ne5 22. Nxh6+ Kh8 23. Qxf6 gxf6 24. Bxf6+ Qg7 25. Bxg7+ Kxg7 26. Nf5+ Kf6 27. Nxd6 Rg8 28. c5 Rg4 29. h3 Rg5 30. f4 1-0


[Site "https://www.chess.com"]

[Event "Titled Tuesday Blitz November 01 Late 2022"]
[White "Polster, Christian"]
[Black "Young, Ryan"]
[WhiteFideId "12965081"]
[BlackFideId "2049945"]
[WhiteElo "2209"]
[BlackElo "2391"]
[Result "0-1"]
[Round "04"]
[TimeControl "180+1"]
[Date "2022.11.02"]
[WhiteClock "0:00:19"]
[BlackClock "0:00:26"]

1. e4 e5 2. Nf3 Nc6 3. c3 d5 4. Qa4 f6 5. Bb5 Ne7 6. exd5 Qxd5 7. d4 exd4 8. O-O Bd7 9. Rd1 a6 10. Nxd4 Nxd4 11. Bxd7+ Qxd7 12. Qxd7+ Kxd7 13. Rxd4+ Ke6 14. Bf4 Nd5 15. Bg3 c6 16. Nd2 Bc5 17. Re1+ Kf7 18. Rde4 Rhe8 19. Nc4 Rxe4 20. Rxe4 Re8 21. Rxe8 Kxe8 22. Bd6 Ba7 23. Na5 b6 24. Nxc6 Kd7 25. Nxa7 Kxd6 26. c4 Ne7 27. b4 Kc7 28. b5 a5 29. Kf1 Kb7 30. Nc6 Nxc6 31. bxc6+ Kxc6 32. Ke2 Kc5 33. Kd3 Kb4 34. Kd4 Ka3 35. c5 bxc5+ 36. Kxc5 Kxa2 37. Kb5 Kb2 38. Kxa5 Kc2 39. Kb5 Kd2 40. Kc5 Ke2 41. f4 Kf2 42. g4 Kf3 43. g5 Kxf4 44. gxf6 gxf6 45. Kd5 f5 46. Ke6 Kg4 47. Ke5 h5 48. h3+ Kg5 49. Kd4 Kf4 50. Kd3 Kf3 51. Kd2 Kf2 52. Kd1 f4 53. Kd2 f3 54. Kd1 Kg2 55. Kd2 f2 56. Kd1 f1=Q+ 57. Kd2 Qh1 58. Kd3 Qxh3+ 59. Kd4 Qg4+ 60. Kd5 h4 61. Kd6 h3 62. Ke7 h2 63. Kd6 h1=Q 64. Ke7 Qf1 65. Kd6 Qge2 66. Kc6 Qc1+ 67. Kb6 Qeb2+ 68. Ka5 Qca1# 0-1


[Site "https://www.chess.com"]

[Event "Titled Tuesday Blitz November 01 Late 2022"]
[White "Postny, Evgeny"]
[Black "Manukian, Artak"]
[WhiteFideId "2804344"]
[BlackFideId "13301373"]
[WhiteElo "2473"]
[BlackElo "2504"]
[Result "0-1"]
[Round "04"]
[TimeControl "180+1"]
[Date "2022.11.02"]
[WhiteClock "0:00:14"]
[BlackClock "0:00:50"]

1. e4 c6 2. d4 d5 3. f3 e6 4. Nc3 Nf6 5. Bf4 Bb4 6. Qd3 Qa5 7. Ne2 b5 8. a3 O-O 9. O-O-O Be7 10. h4 b4 11. axb4 Bxb4 12. Nb1 Ba6 13. Qe3 Rc8 14. h5 c5 15. h6 g6 16. exd5 exd5 17. Be5 Nbd7 18. Qg5 Rc6 19. dxc5 Rxc5 20. Bxf6 d4 21. Qf4 Rxc2+ 22. Kxc2 Qa4+ 23. Kc1 Bxe2 24. Bxe2 Rc8+ 25. Nc3 dxc3 26. Bxc3 Rxc3+ 27. Kb1 Qc2+ 28. Ka1 Ra3+ 29. bxa3 Bc3# 0-1


[Site "https://www.chess.com"]